 Dungeon Crawl Stone Soup version 0.25-a0-1132-g9d38388ac0 (webtiles) character file.

Game seed: 10636458306804861095, levelgen mode: deterministic

1597 Essalna the Firebug (level 8, 0/48 HPs)
             Began as a Gargoyle Fire Elementalist on May 20, 2020.
             Was a Follower of Vehumet.
             Killed from afar by an orc wizard (5 damage)
             ... with a puff of flame
             ... on level 7 of the Dungeon.
             The game lasted 00:19:07 (7513 turns).

Essalna the Firebug (Gargoyle Fire Elementalist)    Turns: 7513, Time: 00:19:08

Health: 0/48       AC: 12    Str: 11    XL:     8   Next: 93%
Magic:  11/15      EV: 10    Int: 19    God:    Vehumet [*.....]
Gold:   243        SH:  0    Dex: 10    Spells: 9/17 levels left

rFire    . . .     SeeInvis .   v - +1 short sword (venom)
rCold    . . .     Gourm    .   (no shield)
rNeg     + . .     Faith    .   p - +0 ring mail
rPois    ∞         Spirit   .   (no helmet)
rElec    +         Reflect  .   i - +0 cloak
rCorr    .         Harm     .   (no gloves)
MR       .....                  (no boots)
Stlth    ..........             (no amulet)
HPRegen  0.16/turn              y - ring of attention (curse)
MPRegen  0.14/turn              (no ring)

@: no status effects
A: negative energy resistance 1, electricity resistance, unbreathing,
petrification resistance, rot immunity, AC +5
a: Renounce Religion


You were on level 7 of the Dungeon.
You worshipped Vehumet.
Vehumet was aware of your devotion.
You were not hungry.

You visited 2 branches of the dungeon, and saw 8 of its levels.

You collected 243 gold pieces.

Inventory:

Hand Weapons
 f - a +0 spear
 m - the +4 hunting sling of Accord {venom, rN++ MR- MP+9 Stlth+}
   (You found it on level 5 of the Dungeon)

   It poisons the ammo it fires.
   It greatly protects you from negative energy.
   It affects your resistance to hostile enchantments.
   It affects your magic capacity (+9).
   It makes you more stealthy.
 q - a +4 flail
 v - a +1 short sword of venom (weapon)
Missiles
 k - 3 atropa-tipped darts
 s - 11 poisoned darts (quivered)
Armour
 a - a +0 robe
 d - a +0 helmet
 i - a +0 cloak (worn)
 p - a +0 ring mail (worn)
Jewellery
 y - a cursed ring of attention (left hand)
Scrolls
 e - 4 scrolls of identify
 n - 2 scrolls of blinking {unknown}
 o - 2 scrolls of remove curse
 r - a scroll of teleportation
 t - a scroll of fog {unknown}
 B - a scroll of fear {unknown}
Potions
 b - 2 potions of might
 g - a potion of flight {unknown}
 h - a potion of degeneration {unknown}
 j - a potion of heal wounds {unknown}
 l - 3 potions of magic {unknown}
 u - a potion of cancellation {unknown}
 w - a potion of curing {unknown}
 z - a potion of resistance {unknown}
 A - 2 potions of mutation {unknown}
Comestibles
 c - 10 rations


   Skills:
 + Level 4.6 Fighting
 + Level 4.7 Armour
 - Level 1.5 Dodging
 - Level 2.1 Stealth
 + Level 5.2 Spellcasting
 + Level 5.0 Conjurations
 + Level 6.0 Fire Magic


You had 9 spell levels left.
You knew the following spells:

 Your Spells              Type           Power        Failure   Level  Hunger
a - Foxfire               Conj/Fire      ####         2%          1    None
b - Inner Flame           Hex/Fire       ###.....     22%         3    ##.....
c - Sticky Flame          Conj/Fire      ####....     26%         4    ####...

Your spell library contained the following spells:

 Spells                   Type           Power        Failure   Level  Hunger
 Shock                    Conj/Air       ##..         10%         1    None
 Conjure Flame            Conj/Fire      ####....     9%          3    ##.....
 Fireball                 Conj/Fire      ####......   58%         5    ######.


Dungeon Overview and Level Annotations

Branches:
Dungeon (7/15)             Temple (1/1) D:5

Altars:
Cheibriados
Fedhas
Okawaru
Qazlal
Vehumet
Wu Jian

Annotations:
D:6 Dowan


Innate Abilities, Weirdness & Mutations

You are resistant to torment.
Your stone body is resilient. (AC +5)
You are immune to poison.
You resist negative energy. (rN+)
You are resistant to electric shocks. (rElec)
You can survive without breathing.
You are immune to petrification.
You are immune to rotting.


Message History

The crimson imp is moderately wounded.
The orc wizard barely misses you. The crimson imp misses you.
An orc comes into view.
Casting: Foxfire (safe; 2% risk of failure)
Confirm with . or Enter, or press ? or * to list all spells.
You conjure some foxfire!
The orc shouts!
The orc wizard gestures at you while chanting.
The puff of frost hits you.
* * * LOW HITPOINT WARNING * * *
The crimson imp hits you but does no damage.
You closely miss the orc wizard.
The orc wizard is lightly wounded.
The foxfire hits the orc wizard but does no damage.
The orc wizard is lightly wounded.
The foxfire hits the crimson imp.
The crimson imp completely resists.
The crimson imp is lightly wounded.
The orc wizard gestures at you while chanting.
The puff of flame hits you.
You die...

...... #...........
(..... #...........
......########....[....#
...#.......##..........#.
.>.......................
...........##....((......
............#............
#........................
#...###.###@5............
.... #...#.o..(.......##
#.....#..##.........#....
###...............####...
#.....!.......)...##...#
..##.........o<%.........
##...#....))........
.!...#..............
...##.###.#...##....#


You could see an orc wizard, a crimson imp (poisoned) and an orc.

Vanquished Creatures
  2 black bears
  An ice beast (D:7)
  3 ogres
  A big kobold (D:6)
  A howler monkey (D:4)
  A bullfrog zombie (D:5)
  3 crimson imps (D:5)
  A jelly (D:6)
  6 orc priests
  A gnoll shaman (D:4)
  3 hounds
  A centaur skeleton (D:4)
  2 orc wizards (D:4)
  A bullfrog skeleton (D:4)
  An iguana (D:7)
  5 worker ants
  Terence (D:2)
  A hound zombie (D:6)
  Robin (D:2)
  5 gnolls
  A howler monkey skeleton (D:5)
  6 adders
  2 oozes (D:2)
  A worm (D:3)
  2 dart slugs (D:2)
  A leopard gecko (D:6)
  18 orcs
  8 bats
  4 giant cockroaches
  6 goblins
  11 hobgoblins
  16 jackals
  5 kobolds
  2 quokkas
  A ball python (D:1)
  6 frilled lizards
  3 rats
134 creatures vanquished.

Vanquished Creatures (collateral kills)
  A goblin (D:1)
1 creature vanquished.

Vanquished Creatures (others)
  A bullfrog skeleton (D:4)
  501 foxfires
502 creatures vanquished.

Grand Total: 637 creatures vanquished

Notes
Turn   | Place    | Note
-------+----------+-------------------------------------------
     0 | D:1      | Essalna the Gargoyle Fire Elementalist began the quest for
                  | the Orb.
     0 | D:1      | Reached XP level 1. HP: 10/10 MP: 3/3
   522 | D:1      | Reached XP level 2. HP: 15/15 MP: 0/5
  1386 | D:2      | Reached XP level 3. HP: 19/19 MP: 3/6
  1707 | D:2      | Noticed Terence
  2067 | D:2      | Noticed Robin
  2076 | D:2      | Killed Robin
  2076 | D:2      | Reached skill level 4 in Fire Magic
  2076 | D:2      | Reached XP level 4. HP: 24/24 MP: 0/8
  2312 | D:3      | Learned a level 3 spell: Inner Flame
  2317 | D:3      | Learned a level 4 spell: Sticky Flame
  2507 | D:2      | Killed Terence
  2745 | D:2      | Found a faded altar of an unknown god.
  3097 | D:2      | Reached XP level 5. HP: 28/28 MP: 1/9
  3429 | D:3      | Reached skill level 1 in Fighting
  3551 | D:3      | Reached skill level 1 in Armour
  3997 | D:4      | Reached XP level 6. HP: 35/35 MP: 5/11
  4286 | D:4      | Reached XP level 7. HP: 40/40 MP: 4/13
  4344 | D:4      | Reached skill level 5 in Fire Magic
  4979 | D:4      | Found a stormy altar of Qazlal.
  5290 | D:5      | Entered Level 5 of the Dungeon
  5374 | D:5      | Got a bloodstained hunting sling
  5375 | D:5      | Identified the +4 hunting sling of Accord {venom, rN++ MR-
                  | MP+9 Stlth+} (You found it on level 5 of the Dungeon)
  5778 | D:5      | Reached XP level 8. HP: 40/46 MP: 14/14
  6083 | D:5      | Found a staircase to the Ecumenical Temple.
  6148 | Temple   | Entered the Ecumenical Temple
  6189 | Temple   | Became a worshipper of Vehumet
  6367 | D:5      | Found a blossoming altar of Fedhas.
  7046 | D:6      | Found an ornate altar of the Wu Jian Council.
  7115 | D:6      | Reached skill level 5 in Spellcasting
  7220 | D:6      | Reached * piety under Vehumet
  7220 | D:6      | Offered knowledge of Shock by Vehumet.
  7362 | D:6      | Noticed Dowan
  7413 | D:7      | Reached skill level 6 in Fire Magic
  7433 | D:7      | Reached skill level 5 in Conjurations
  7513 | D:7      | Killed from afar by an orc wizard

Illustrated notes

Levels and vault maps discovered:
D:1:      evilmike_arrival_plus, layout_basic, minmay_liquid_box
D:2:      layout_basic, chequers_ecumenical_altar_twisty, cheibrodos_gnoll_hut,
          uniq_terence, uniq_robin
D:3:      layout_rooms, first_ration, feat_on_display
D:4:      layout_rooms, grunt_qazlal_clouds
D:5:      layout_basic, old_standard_altar, temple_hall
D:6:      layout_basic, basic_altar, kb_rosetta, uniq_duvessa
D:7:      layout_cave_pools
Temple:   dpeg_chambers_temple

Skill      XL: |  1  2  3  4  5  6  7  8 |
---------------+-------------------------+-----
Spellcasting   | 3 4 5 |  5.2
Fire Magic     | 4 5 6 |  6.0
Fighting       | 1 2 3 4 |  4.6
Armour         | 1 2 3 4 |  4.7
Conjurations   | 2 3 5 |  5.0
Dodging        | |  1.5
Stealth        | |  2.1

Action                   |  1- 3 |  4- 6 |  7- 9 || total
-------------------------+-------+-------+-------++-------
Melee: Unarmed           |     2 |     1 |    15 ||    18
       Spear             |    24 |    60 |       ||    84
       Flail             |       |       |    34 ||    34
       Short sword       |       |       |    75 ||    75
Throw: Dart              |       |     5 |    68 ||    73
 Cast: Foxfire           |    68 |   125 |   148 ||   341
  Use: Scroll            |       |     5 |     1 ||     6
 Stab: Sleeping          |     1 |     1 |       ||     2
  Eat: Chunk             |     4 |     7 |    10 ||    21
Armor: Robe              |     8 |    29 |    14 ||    51
       Ring mail         |       |       |    99 ||    99
Dodge: Dodged            |    21 |    57 |   125 ||   203

Table legend:
 A = Non-vault XP
 B = Vault XP
 C = Vault XP percentage of total XP
 D = Non-vault monster count
 E = Vault monster count
 F = Vault count percentage of total count
                 A         B        C        D         E       F
            +---------+---------+-------+---------+---------+-------
      Total |    1909 |     373 |  16.3 |     121 |      14 |  10.4
            +---------+---------+-------+---------+---------+-------
        D:1 |      28 |       0 |   0.0 |      17 |       0 |   0.0
        D:2 |      61 |      70 |  53.4 |      22 |       8 |  26.7
        D:3 |      42 |       4 |   8.7 |      16 |       2 |  11.1
        D:4 |     791 |       0 |   0.0 |      27 |       0 |   0.0
        D:5 |     610 |       0 |   0.0 |      25 |       0 |   0.0
        D:6 |      70 |     299 |  81.0 |       7 |       4 |  36.4
        D:7 |     307 |       0 |   0.0 |       7 |       0 |   0.0
            +---------+---------+-------+---------+---------+-------
